 Dungeon Crawl Stone Soup version 0.19-a0-1210-g5c1aa26 (webtiles) character file.

38 amanita the Cutter (level 3, 0/19 HPs)
             Began as a Vine Stalker Fighter on Aug 22, 2016.
             Succumbed to an adder's poison
             ... on level 4 of the Dungeon.
             The game lasted 00:08:25 (640 turns).

amanita the Cutter (Vine Stalker Fighter)            Turns: 640, Time: 00:08:26

Health: 0/19       AC:  7    Str: 18    XL:     3   Next: 43%
Magic:  4/4        EV:  7    Int:  8    God:
Gold:   60         SH:  9    Dex: 14    Spells: 0 memorised, 2 levels left

rFire  . . .     SeeInvis .     a - +0 rapier
rCold  . . .     Gourm    .     b - +0 scale mail
rNeg   . . .     Faith    .     c - +0 shield
rPois  .         Spirit   +     (no helmet)
rElec  .         Dismiss  .     (no cloak)
rCorr  .         Reflect  .     p - +0 pair of gloves
MR     .....     Harm     .     (no boots)
Stlth  ..........               (no amulet)
                                (no ring)
                                (no ring)

@: lethally poisoned (0 -> -4)
A: fangs 2, magic shield, antimagic bite, no device heal 3, rot immunity
a: no special abilities


You were on level 4 of the Dungeon.
You were not hungry.

You visited 1 branch of the dungeon, and saw 4 of its levels.

You collected 60 gold pieces.

Inventory:

Hand Weapons
 a - a +0 rapier (weapon)
Armour
 b - a +0 scale mail (worn)
 c - a +0 shield (worn)
 p - a +0 pair of gloves (worn)
Scrolls
 e - 3 scrolls of remove curse {unknown}
 h - a scroll of recharging {unknown}
 i - a scroll of identify {unknown}
 j - a scroll of fear {unknown}
 k - a scroll of amnesia {unknown}
 m - a scroll of teleportation {unknown}
 o - a scroll of enchant weapon {unknown}
Potions
 d - 2 potions of might
 n - a potion of heal wounds
Comestibles
 f - a bread ration
 l - a meat ration


   Skills:
 - Level 2.6 Fighting
 + Level 3.3 Short Blades
 - Level 2.4 Armour
 - Level 2.6 Shields


You had 2 spell levels left.
You didn't know any spells.

Dungeon Overview and Level Annotations

Branches:
Dungeon (4/15)
 Temple: D:4-7

Altars:


Innate Abilities, Weirdness & Mutations

You have extremely sharp teeth.
When hurt, damage is shared between your health and your magic reserves.
Your bite disrupts and absorbs the magic of your enemies.
Potions and wands cannot restore your health.
You are immune to rotting.


Message History

The adder is severely wounded.
* * * LOW HITPOINT WARNING * * *
You feel sick. The adder bites you but does no damage.
The adder barely misses you.
You barely miss the adder.
The adder is severely wounded.
The adder closely misses you. The adder bites you.
* * * LOW HITPOINT WARNING * * *
You puncture the adder!
You kill the adder!
It was a potion of magic.
Magic courses through your body.
* * * LOW HITPOINT WARNING * * *
You feel sick. That would not heal you.
Okay, then.
A worker ant comes into view.
You block the worker ant's attack.
You see here a slice of pizza.
You hit the worker ant but do no damage.
You die...

(. #.. .... ...#..
..# # #..###
############..##.#
#..###
#.................
#.....
#.................
#.....
#.................
#.....
##.......†........
#.....
#.........@.......
#.....
#...##.###a.######
##..## #... #.#
#..# #..## #...
..# ..... #....
##.....# ......
#....
......#.........
#..##
##...####.####+##
##### #... #+ #.
#.


You could see a worker ant.

Vanquished Creatures
  An adder (D:4)
  2 dart slugs
  2 orcs (D:4)
  A ball python (D:1)
  4 bats
  2 giant cockroaches
  3 goblins
  3 hobgoblins
  3 kobolds
  A rat (D:4)
22 creatures vanquished.

Notes
Turn   | Place    | Note
-------+----------+-------------------------------------------
     0 | D:1      | amanita the Vine Stalker Fighter began the quest for the Orb.
     0 | D:1      | Reached XP level 1. HP: 11/11 MP: 2/2
    19 | D:1      | Reached skill level 2 in Short Blades
    91 | D:1      | Reached XP level 2. HP: 9/16 MP: 3/3
   481 | D:2      | Reached skill level 3 in Short Blades
   541 | D:4      | Reached XP level 3. HP: 9/19 MP: 4/4
   640 | D:4      | Succumbed to an adder's poison

Vault maps used:
D:1:      minmay_arrival_doors
D:2:      first_bread, item_on_display_a
D:3:      trog_book

Skill      XL: |  1  2 |
---------------+-------+-----
Short Blades   | 2 3 |  3.3
Fighting       | |  2.6
Armour         | |  2.4
Shields        | |  2.6

Action                   || total
-------------------------++-------
Melee: Rapier            ||    79
       Bite              ||    21
  Use: Potion            ||     2
Armor: Scale mail        ||    38
Dodge: Dodged            ||    29
Block: Shield            ||    47
